 Dungeon Crawl Stone Soup version 0.28.0-43-g3370ac3207 (webtiles) character file.

Game seed: 11276820836074381512

70 pkoi the Charlatan (level 3, -7/28 HPs)
             Began as a Demigod Artificer on Mar 25, 2022.
             Mangled by an orc
             ... wielding a +0 flail
              (10 damage)
             ... on level 4 of the Dungeon.
             The game lasted 00:05:43 (5540 turns).

pkoi the Charlatan (Demigod Artificer)              Turns: 5540, Time: 00:05:43

Health: -7/28      AC:  0    Str: 10 (13) XL:     3   Next: 76%
Magic:  6/6        EV: 11    Int: 16 (17) God:
Gold:   45         SH:  0    Dex: 11 (14) Spells: 4/4 levels left

rFire   + . .      SeeInvis .   f - staff of conjuration
rCold   + . .      Faith    .   (no shield)
rNeg    . . .      Spirit   .   b - +0 leather armour
rPois   +          Reflect  .   (no helmet)
rElec   +          Harm     .   (no cloak)
rCorr   +          Rampage  .   (no gloves)
Will    .....                   (no boots)
Stlth   +.........              (no amulet)
HPRegen 0.09/turn               (no ring)
MPRegen 0.10/turn               (no ring)

@: resistant, corroded, flying, hasted, very quick
A: high MP 1, forlorn, divine attributes
a: no special abilities


You were on level 4 of the Dungeon.
You visited 1 branch of the dungeon, and saw 4 of its levels.

You collected 45 gold pieces.

Inventory:

Hand Weapons
 a - a +0 club
 k - a +1 dagger
Armour
 b - a +0 leather armour (worn)
Magical Staves
 f - a staff of conjuration (weapon)
 g - a staff of fire
Wands
 c - a wand of flame (8) (quivered)
 d - a wand of charming (9)
Potions
 m - a potion of flight
Miscellaneous
 e - a piece from Xom's chessboard (13/15)


   Skills:
 + Level 1.6 Fighting
 - Level 1.7 Armour
 - Level 0.8 Dodging
 - Level 0.8 Stealth
 - Level 1.2 Unarmed Combat
 - Level 1.0 Spellcasting
 + Level 1.1 Conjurations
 + Level 3.3 Evocations


You had 4 spell levels left.
You didn't know any spells.
Your spell library contained the following spells:

 Spells                   Type           Power      Damage    Failure   Level
 Ensorcelled Hibernation  Hex/Ice        0%         N/A       41%         2
 Passwall                 Tmut/Erth      0%         N/A       41%         2
 Swiftness                Air            0%         N/A       65%         3
 Summon Forest            Summ/Tloc      0%         N/A       100%        5
 Eringya's Noxious Bog    Tmut/Pois      0%         N/A       100%        6
 Summon Hydra             Summ           0%         N/A       100%        7


Dungeon Overview and Level Annotations

Branches:
Dungeon (4/15)
 Temple: D:4-7

Shops:
D:3 ?   D:4 *

Annotations:
D:3 Grinder


Innate Abilities, Weirdness & Mutations

You have an increased reservoir of magic. (+10% MP)
You shall have no god before yourself.
Your divine heritage dramatically boosts your attributes as you level up.


Message History

The orc shouts!
A kobold comes into view. It is wielding a +0 dagger.
Found a golden potion, a halberd, 18 stones and 27 arrows.
Found Uskucut's General Store.
Found a stone staircase leading up.
There is a stone staircase leading up here.
A jelly comes into view.
You see here a golden potion.
l - a golden potion It was a potion of curing.
You feel better.
It was a potion of degeneration.
There was something very wrong with that liquid.
You feel weakened.
You feel dopey.
You feel clumsy.
The jelly quivers.
It was a potion of resistance.
You feel protected.
It was a potion of haste.
You feel yourself speed up. The orc completely misses you.
It was a potion of flight.
You feel very buoyant.
You fly up into the air.
The orc hits you with a +0 flail.
You hit the orc.
The orc is heavily wounded.
The jelly hits you but does no damage.
You closely miss the orc.
The orc is heavily wounded.
The orc hits you with a +0 flail!
* * * LOW HITPOINT WARNING * * *
The jelly closely misses you.
You hit the orc but do no damage.
The orc is heavily wounded.
The orc hits you with a +0 flail!
* * * LOW HITPOINT WARNING * * *
The jelly hits you.
* * * LOW HITPOINT WARNING * * *
The acid corrodes you!
You are splashed with acid.
You resist.
* * * LOW HITPOINT WARNING * * *
You barely miss the orc.
The orc is heavily wounded.
The orc hits you with a +0 flail!
You die...

### ..# #.###
#... #.. #
#.##.#####
#o@.......
..(<..KJ...)....
.......###.###..
.∩...8# .#
...... # ...8..
( ...#. #. (8...
#.###### #.
.......


You could see a jelly, an orc and a kobold.

Vanquished Creatures
  An adder (D:2)
  2 worms (D:2)
  2 dart slugs (D:1)
  4 bats
  3 endoplasms
  2 giant cockroaches
  5 goblins (D:1)
  5 hobgoblins (D:1)
  3 jackals (D:1)
  5 kobolds
  4 quokkas
  2 ball pythons
  2 frilled lizards (D:2)
  7 rats
47 creatures vanquished.

Vanquished Creatures (collateral kills)
  A hobgoblin (D:1)
1 creature vanquished.

Vanquished Creatures (others)
  A hobgoblin (D:2)
  A jackal (D:1)
2 creatures vanquished.

Grand Total: 50 creatures vanquished

Notes
Turn   | Place    | Note
-------+----------+-------------------------------------------
     0 | D:1      | pkoi the Demigod Artificer began the quest for the Orb.
     0 | D:1      | Reached XP level 1. HP: 15/15 MP: 3/3
    73 | D:1      | Reached skill level 1 in Unarmed Combat
   413 | D:1      | Reached skill level 1 in Fighting
   413 | D:1      | Reached XP level 2. HP: 1/23 MP: 4/4
  1028 | D:1      | Reached skill level 3 in Evocations
  2058 | D:1      | Reached XP level 3. HP: 14/28 MP: 6/6
  3705 | D:2      | Reached skill level 1 in Spellcasting
  3705 | D:2      | Reached skill level 1 in Conjurations
  4839 | D:2      | You fall into a shaft and drop 2 floors!
  4839 | D:4      | Noticed a phantom
  5232 | D:3      | Found Potyihau's Magic Scroll Emporium.
  5461 | D:3      | Noticed Grinder
  5471 | D:3      | Paralysed by Grinder for 4 turns
  5529 | D:4      | Found Uskucut's General Store.
  5540 | D:4      | Mangled by an orc

Illustrated notes

Levels and vault maps discovered:
D:1:      saegor_arrival_simple_d, layout_loops_ring
D:2:      layout_loops_ring, ebering_ecumenical_altar_webs, hex_large,
          chequers_serial_rivers_small_b
D:3:      layout_loops_ring, serial_shops, nicolae_diamond_shop,
          nicolae_square_shop, st_stairs_2, kennysheep_potato, uniq_grinder
D:4:      layout_loops_ring, minmay_misc_feat_x, nicolae_stop_n_shop_1,
          minivault_5

Skill      XL: |  1  2  3 |
---------------+----------+-----
Unarmed Combat | 1 |  1.2
Fighting       | 1 |  1.6
Evocations     | 3 |  3.3
Spellcasting   | 1 |  1.0
Conjurations   | 1 |  1.1
Armour         | |  1.7
Dodging        | |  0.8
Stealth        | |  0.8

Action                   || total
-------------------------++-------
Melee: Club              ||    27
       Staff             ||   224
       Punch             ||     9
Evoke: Wand              ||    13
       Piece from Xom's  ||     4
  Use: Potion            ||     5
       Scroll            ||     3
 Stab: Petrified         ||     7
       Sleeping          ||     2
Armor: Leather armour    ||    72
Dodge: Dodged            ||   148
